 Dungeon Crawl Stone Soup version 0.24.1-14-gf8d2b509d9 (webtiles) character file.

Game seed: 4525945199682744136, levelgen mode: deterministic

2881 mortelune the Changer (level 9, -1/72 HPs)
             Began as an Octopode Transmuter on May 17, 2020.
             Was an Initiate of Gozag.
             Slain by a killer bee (7 damage)
             ... in the Ecumenical Temple.
             The game lasted 00:19:15 (10211 turns).

mortelune the Changer (Octopode Transmuter)        Turns: 10211, Time: 00:19:16

Health: -1/72      AC:  6    Str:  9    XL:     9   Next: 76%
Magic:  17/19      EV: 12    Int: 18    God:    Gozag
Gold:   634        SH:  0    Dex: 13    Spells: 11/21 levels left

rFire    . . .     SeeInvis +     - Unarmed
rCold    + + +     Gourm    .   (shield currently unavailable)
rNeg     . . .     Faith    .   (helmet currently unavailable)
rPois    +         Spirit   .   p - amulet of rage
rElec    .         Reflect  .   S - ring of see invisible
rCorr    +         Harm     .   M - ring of protection from magic
MR       +....                  F - ring of protection from fire
Stlth    +.........             A - ring of flight
HPRegen  0.22/turn              C - ring of resist corrosion
MPRegen  0.16/turn              (no ring)
                                (no ring)
                                (no ring)

@: ice-form
A: large, almost no armour, stealthy swim, amphibious, 8 rings, (constrict 8)
a: End Transformation, Potion Petition, Call Merchant, Bribe Branch, Renounce
Religion, Evoke Berserk Rage, Evoke Flight


You were in the Ecumenical Temple.
You worshipped Gozag.
Gozag was pleased with you.
You were hungry.
You were a creature of crystalline ice.
You visited 2 branches of the dungeon, and saw 8 of its levels.
You also visited: Sewer.

You collected 719 gold pieces.
You paid 85 gold pieces to Gozag.

Inventory:

Hand Weapons
 e - the +5 long sword of the People {speed, +Fly MR- Dex+8}
   (You found it in a sewer)

   Attacks with this weapon are significantly faster.
   It affects your dexterity (+8).
   It affects your resistance to hostile enchantments.
   It lets you fly.
Missiles
 b - 16 poisoned darts (quivered)
 Q - 79 arrows
Armour
 r - a +2 hat (melded)
Jewellery
 p - an amulet of rage (around neck)
 z - an uncursed amulet of the gourmand {unknown}
 A - a ring of flight (on tentacle)
 C - a ring of resist corrosion (on tentacle)
 F - a ring of protection from fire (on tentacle)
 M - a ring of protection from magic (right front paw)
 S - a ring of see invisible (left front paw)
Wands
 d - a wand of disintegration (13)
 l - a wand of iceblast (5)
 q - a wand of enslavement (12)
 s - a wand of polymorph (7)
Scrolls
 g - 2 scrolls of enchant weapon
 h - a scroll of enchant armour
 i - a scroll of magic mapping {unknown}
 j - a scroll of amnesia
 k - 2 scrolls of remove curse {unknown}
 m - a scroll of brand weapon {unknown}
 o - a scroll of immolation {unknown}
 w - a scroll of fear {unknown}
 B - a scroll of vulnerability {unknown}
Potions
 a - a potion of mutation {unknown}
 f - 2 potions of invisibility {unknown}
 u - a potion of lignification {unknown}
 v - 2 potions of cancellation
Comestibles
 c - 2 rations


   Skills:
 + Level 4.9 Fighting
 + Level 5.3 Dodging
 + Level 5.7 Unarmed Combat
 * Level 6.7 Spellcasting
 * Level 7.3 Transmutations


You had 11 spell levels left.
You knew the following spells:

 Your Spells              Type           Power        Failure   Level  Hunger
a - Beastly Appendage     Tmut           ####..       1%          1    None
b - Sticks to Snakes      Tmut           ####....     1%          2    None
c - Spider Form           Tmut/Pois      ###.......   8%          3    ##.....
d - Ice Form              Ice/Tmut       ###.....     24%         4    ####...

Your spell library contained the following spells:

 Spells                   Type           Power        Failure   Level  Hunger
 Magic Dart               Conj           #...         11%         1    None
 Blade Hands              Tmut           ####......   16%         5    #####..
 Searing Ray              Conj           #.....       17%         2    None
 Dazzling Spray           Conj/Hex       #.....       32%         3    ##.....
 Force Lance              Conj/Tloc      #.......     73%         4    ####...
 Fulminant Prism          Conj/Hex       #.........   73%         4    ####...
 Iskenderun's Mystic Bla  Conj           #.......     73%         4    ####...


Dungeon Overview and Level Annotations

Branches:
Dungeon (7/15)             Temple (1/1) D:7           Sewer (visited)

Altars:
Ashenzari
Cheibriados
Gozag
Nemelex Xobeh
Okawaru

Shops:
D:7 =


Innate Abilities, Weirdness & Mutations

You cannot wear most types of armour.
You are very stealthy in the water. (Stealth+)
You are amphibious.
You can wear up to eight rings at the same time.
((You can use your tentacles to constrict eight enemies at once.))
((Your skin changes colour to match your surroundings (Stealth+).))
((Your rubbery body absorbs attacks. (AC +1, EV +1)))


Message History

The killer bee closely misses you. The killer bee stings you.
* * * LOW HITPOINT WARNING * * *
The killer bee stings you.
* * * LOW HITPOINT WARNING * * *
There is a staircase to the Ecumenical Temple here.
You can't go up here!
The killer bee stings you but does no damage. x2
The killer bee closely misses you. The killer bee misses you.
The killer bee stings you but does no damage.
You climb downwards.
Welcome to the Ecumenical Temple!
There is a staircase back to the Dungeon here.
You closely miss the killer bee. The killer bee closely misses you.
The killer bee barely misses you. The killer bee misses you.
The killer bee closely misses you.
You closely miss the killer bee. The killer bee closely misses you.
The killer bee stings you.
* * * LOW HITPOINT WARNING * * *
The killer bee stings you!
You die...
Your body crumbles into a pile of gold.

♣♣
♣♣♣.♣
♣.Yy♣
♣.y...♣
♣.....♣
♣.....♣
♣♣...♣♣
♣♣.♣♣
♣.♣ ♣.♣


You could see 2 killer bees.

Vanquished Creatures
  Edmund (D:5)
  A black bear (D:7)
  4 sky beasts
  An ice beast (D:6)
  A necrophage (D:7)
  2 ogres
  A centaur (D:7)
  6 bullfrogs
  A big kobold (D:6)
  A gnoll sergeant (D:7)
  6 scorpions
  3 wights
  2 howler monkeys
  2 orc priests
  3 hounds
  A jelly (D:6)
  2 bullfrog skeletons (D:5)
  An iguana (D:5)
  2 orc wizards (D:6)
  A centaur skeleton (D:5)
  3 worker ants
  A worker ant zombie (D:6)
  5 gnolls (D:7)
  7 adders
  2 shadow imps (D:7)
  An adder skeleton (D:5)
  An adder zombie (D:5)
  A worm (D:5)
  A dart slug (D:3)
  5 leopard geckos
  26 orcs
  7 bats
  15 giant cockroaches
  6 hobgoblins
  10 jackals
  8 kobolds
  8 quokkas
  A ball python (D:1)
  8 frilled lizards
  8 goblins
  A leopard gecko skeleton (D:5)
  A leopard gecko zombie (D:5)
  A quokka zombie (D:5)
  5 rats
  A plant (D:4)
175 creatures vanquished.

Vanquished Creatures (collateral kills)
  An ogre (D:6)
  A centaur (D:7)
  2 scorpions (D:7)
  A wight (D:6)
  A worker ant (D:7)
  An adder (Sewer)
  A worm (D:5)
  A dart slug (D:1)
  2 leopard geckos (Sewer)
  A giant cockroach (Sewer)
  A goblin (D:1)
  A frilled lizard (Sewer)
14 creatures vanquished.

Grand Total: 189 creatures vanquished

Notes
Turn   | Place    | Note
-------+----------+-------------------------------------------
     0 | D:1      | mortelune the Octopode Transmuter began the quest for the
                  | Orb.
     0 | D:1      | Reached XP level 1. HP: 13/13 MP: 3/3
   308 | D:1      | Reached XP level 2. HP: 18/18 MP: 5/5
   312 | D:1      | Learned a level 2 spell: Sticks to Snakes
   888 | D:2      | Reached XP level 3. HP: 23/23 MP: 6/6
   907 | D:2      | Learned a level 3 spell: Spider Form
  1686 | D:2      | Reached XP level 4. HP: 24/28 MP: 4/8
  2026 | D:3      | You fall into a shaft and drop 1 floor!
  2246 | D:4      | Reached skill level 3 in Transmutations
  2713 | D:3      | Reached XP level 5. HP: 31/34 MP: 7/9
  2924 | D:3      | Noticed an ogre
  3549 | D:5      | Entered Level 5 of the Dungeon
  3578 | D:5      | Found a glowing drain.
  3753 | Sewer    | Entered a sewer
  3920 | Sewer    | Reached XP level 6. HP: 34/39 MP: 1/11
  4088 | Sewer    | Got a transparent long sword
  4104 | Sewer    | Reached skill level 4 in Transmutations
  4465 | D:5      | Identified the +5 long sword of the People {speed, +Fly MR-
                  | Dex+8} (You found it in a sewer)
  4641 | D:5      | Reached XP level 7. HP: 41/45 MP: 5/12
  5524 | D:5      | Noticed Edmund
  5542 | D:5      | Killed Edmund
  5747 | D:5      | Found a sparkling altar of Nemelex Xobeh.
  5748 | D:5      | Found an opulent altar of Gozag.
  5767 | D:5      | Became a worshipper of Gozag Ym Sagoz the Greedy
  5794 | D:5      | Found an iron altar of Okawaru.
  5952 | D:6      | Found a snail-covered altar of Cheibriados.
  6001 | D:6      | Reached skill level 5 in Transmutations
  6001 | D:6      | Reached XP level 8. HP: 44/52 MP: 13/15
  6204 | D:6      | Reached skill level 5 in Spellcasting
  6469 | D:6      | Found a shattered altar of Ashenzari.
  7055 | D:6      | Reached skill level 5 in Unarmed Combat
  7055 | D:6      | Reached skill level 6 in Transmutations
  7377 | D:6      | Reached XP level 9. HP: 36/58 MP: 15/17
  7397 | D:6      | HP: 2/58 [phantom (6)]
  9044 | D:7      | Found Sixies's Jewellery Boutique.
  9095 | D:7      | Found a staircase to the Ecumenical Temple.
  9300 | D:7      | Reached skill level 5 in Dodging
  9620 | D:7      | Found the +7 Singing Sword {slice, sonic wave}
  9686 | D:7      | Reached skill level 7 in Transmutations
  9718 | D:7      | HP: 2/59 [phantom (1)]
 10155 | D:7      | Learned a level 4 spell: Ice Form
 10209 | Temple   | Entered the Ecumenical Temple
 10211 | Temple   | Slain by a killer bee

Levels and vault maps discovered:
D:1:      scummos_arrival_checkerplants, layout_rooms, minmay_misc_feat_rugged,
          chequers_big_river, glass_columns_c
D:2:      layout_loops_ring, first_ration, minmay_tall_x
D:3:      layout_rooms, gammafunk_temple_overflow_pools
D:4:      layout_cave_pods, serial_forest, infiniplex_forest_lined_3_way,
          infiniplex_forest_pool, infiniplex_forest_fountain,
          infiniplex_forest_diagonal, infiniplex_forest_clump_large,
          infiniplex_forest_straight_4, infiniplex_forest_straight_2,
          infiniplex_forest_lined_4_way
D:5:      layout_loops_ring, grunt_temple_overflow_opulence,
          lemuel_doored_altar, cheibrodos_sewer_entry_bend, minivault_19,
          uniq_edmund
D:6:      layout_loops_ring, lemuel_crystal_altar, lemuel_round_altar
D:7:      old_forge, layout_basic, nicolae_overflow_crystal_walls,
          minmay_temple_entry_arrows, serial_shops, shop,
          gammafunk_ghost_necromancy
Temple:   minmay_temple_forest_path

Skill      XL: |  1  2  3  4  5  6  7  8  9 |
---------------+----------------------------+-----
Transmutations | 3 4 5 6 7 |  7.3
Spellcasting   | 3 4 5 6 |  6.7
Fighting       | 2 3 4 |  4.9
Dodging        | 3 4 5 |  5.3
Unarmed Combat | 4 5 |  5.7

Action                   |  1- 3 |  4- 6 |  7- 9 || total
-------------------------+-------+-------+-------++-------
Melee: Unarmed           |    76 |   172 |   285 ||   533
       Constrict         |    24 |    27 |    35 ||    86
       Kick              |     9 |     5 |    29 ||    43
       Tentacles         |     8 |    24 |    44 ||    76
       Punch             |     1 |     1 |    15 ||    17
       Long sword        |       |     6 |    66 ||    72
 Cast: Beastly Appendage |     6 |     5 |    13 ||    24
       Sticks to Snakes  |     2 |     7 |    23 ||    32
       Spider Form       |     2 |    12 |    11 ||    25
       Ice Form          |       |       |     1 ||     1
 Abil: Evoke Berserk Rag |       |       |     1 ||     1
  Use: Scroll            |       |     8 |     4 ||    12
       Potion            |       |       |     5 ||     5
 Stab: Sleeping          |     2 |     5 |     2 ||     9
       Distracted        |       |       |     3 ||     3
  Eat: Chunk             |     3 |     8 |     2 ||    13
       Ration            |       |     1 |     5 ||     6
Armor: Skin              |     7 |    13 |    41 ||    61
Dodge: Dodged            |    47 |   117 |   328 ||   492
       Rpst.: Long sword |       |     3 |    16 ||    19
